AoeStats
← SneakyTea

African Clearing

513563055Analyzed
2v2 RM · 4d ago on Oct 14, 2026· 72m 19s· 4 players
Game mode
Random Map
Map size
Medium (4 player)
Population
200
Speed
Normal
Resources
Standard
Victory
Conquest
Starting age
Dark Age
Ending age
Imperial Age
RankedLock teamsTeams togetherTeam positionsShared explorationLock speedFull tech treeHidden civsTurbo modeCheats
Victory
Defeat
🇩🇪 Varangians · Germany
982
+13
🇩🇪 Ethiopians · Germany
980
+13
vs
🇨🇳 Lithuanians · China
933
-14
🇩🇪 Ethiopians · Germany
893
-12
雷霆半月斩
6:30 Loom
14:55 Feudal Age
17:26 Man-at-Arms
18:28 Forging
24:41 Castle Age
24:27 Double-Bit Axe
25:16 Scale Barding Armor
25:28 Bloodlines
26:37 Husbandry
30:21 Horse Collar
33:59 Iron Casting
38:53 Imperial Age
39:15 Wheelbarrow
39:33 Chain Barding Armor
39:21 Elite Leitis
42:19 Light Cavalry
50:43 Gold Mining
51:46 Hand Cart
55:07 Cavalier
57:20 Stone Mining
65:14 Chemistry
strahil_2009
4:33 Loom
15:53 Feudal Age
17:08 Double-Bit Axe
18:17 Horse Collar
27:28 Castle Age
27:13 Fletching
27:34 Forging
27:26 Scale Mail Armor
27:26 Padded Archer Armor
29:21 Bow Saw
30:25 Squires
32:12 Wheelbarrow
36:53 Heavy Plow
36:22 Elite Skirmisher
39:10 Iron Casting
38:31 Bodkin Arrow
43:40 Imperial Age
45:08 Chain Mail Armor
44:47 Halberdier
47:28 Chemistry
46:48 Ballistics
47:12 Elite Shotel Warrior
48:12 Conscription
47:12 Elite Shotel Warrior
53:30 Cavalier
54:11 Husbandry
55:10 Hand Cart
64:53 Conscription
69:14 Bracer
70:15 Blast Furnace
69:46 Plate Mail Armor
69:31 Leather Archer Armor
PROtektorKaiser
7:17 Loom
14:59 Feudal Age
15:33 Double-Bit Axe
15:42 Gold Mining
18:25 Man-at-Arms
20:10 Wheelbarrow
24:56 Castle Age
26:30 Horse Collar
27:59 Stone Mining
33:59 Scale Mail Armor
34:10 Forging
36:18 Squires
36:57 Iron Casting
40:43 Imperial Age
38:32 Hand Cart
43:04 Blast Furnace
42:21 Chain Mail Armor
44:54 Bow Saw
47:53 Elite Varangian Guard
51:59 Conscription
51:01 Gothikon
54:56 Ballistics
55:37 Chemistry
59:47 Siege Engineers
59:36 Fletching
60:17 Plate Mail Armor
62:25 Heavy Scorpion
69:40 Pikeman
70:28 Padded Archer Armor
70:24 Bodkin Arrow
70:36 Scale Barding Armor
70:46 Masonry
70:47 Fortified Wall
70:34 Murder Holes
70:31 Guard Tower
SneakyTea
16:58 Feudal Age
22:55 Castle Age
20:42 Double-Bit Axe
20:37 Horse Collar
20:54 Fletching
23:19 Wheelbarrow
23:43 Crossbowman
26:36 Bow Saw
28:22 Thumb Ring
28:07 Loom
28:34 Heavy Plow
30:16 Ballistics
30:13 Fortified Wall
35:30 Imperial Age
32:56 Bodkin Arrow
33:01 Padded Archer Armor
35:51 Gold Mining
38:35 Two-Man Saw
38:01 Arbalester
38:48 Squires
38:33 Arson
40:21 Halberdier
40:49 Arson
43:49 Hand Cart
44:13 Conscription
46:15 Bracer
46:31 Leather Archer Armor
46:26 Forging
53:33 Scale Mail Armor
54:08 Iron Casting
53:43 Elite Skirmisher
Connection lost

Rejoining the realm…

Still unreachable

The connection could not be restored.

Session expired

The server has moved on; the page needs a fresh start.